 Dungeon Crawl Stone Soup version 0.23.2-33-g5129a83 (webtiles) character file.

Game seed: 17359897710901062686

1068 DarkinPup the Skirmisher (level 8, -10/63 HPs)
             Began as a Demonspawn Fighter on July 9, 2019.
             Was a Follower of Okawaru.
             Killed from afar by Dowan (13 damage)
             ... with a shard of ice
             ... on level 6 of the Dungeon on July 10, 2019.
             The game lasted 00:11:03 (4123 turns).

DarkinPup the Skirmisher (Demonspawn Fighter)       Turns: 4123, Time: 00:11:05

Health: -10/63     AC: 10    Str: 20    XL:     8   Next: 7%
Magic:  0/8        EV:  6    Int:  9    God:    Okawaru [*.....]
Gold:   241        SH:  9    Dex: 12    Spells: 7/7 levels left

rFire    + . .     SeeInvis .   p - +0 scimitar
rCold    x . .     Gourm    .   c - +0 shield
rNeg     . . .     Faith    .   y - +0 chain mail
rPois    .         Spirit   +   (no helmet)
rElec    .         Reflect  .   b - +0 cloak
rCorr    +         Harm     .   (no gloves)
MR       .....                  (boots unavailable)
Stlth    ..........             (no amulet)
HPRegen  0.20/turn              l - ring of fire
MPRegen  0.22/turn              C - ring of resist corrosion

@: no status effects
A: hooves 3, magic shield, magic regeneration, rot immunity
a: Heroism, Renounce Religion


You were on level 6 of the Dungeon.
You worshipped Okawaru.
Okawaru was aware of your devotion.
You were hungry.

You visited 2 branches of the dungeon, and saw 7 of its levels.

You collected 331 gold pieces.
You spent 90 gold pieces at shops.

Inventory:

Hand Weapons
 p - a +0 scimitar (weapon)
Armour
 b - a +0 cloak (worn)
 c - a +0 shield (worn)
 y - a +0 chain mail (worn)
Jewellery
 l - a ring of fire (left hand)
 C - a ring of resist corrosion (right hand)
 D - an uncursed ring of protection from cold {unknown}
Wands
 a - a wand of acid (9)
 w - a wand of disintegration (27)
 E - a wand of polymorph (10)
Scrolls
 g - a scroll of random uselessness {unknown}
 h - 7 scrolls of teleportation
 i - a scroll of enchant armour {unknown}
 o - 2 scrolls of immolation {unknown}
 r - 7 scrolls of identify
 u - a scroll of blinking {unknown}
 x - a scroll of magic mapping {unknown}
 A - a scroll of noise {unknown}
 F - a scroll of fog {unknown}
Potions
 d - 2 potions of might
 e - a potion of degeneration {unknown}
 j - a potion of brilliance {unknown}
 k - a potion of magic {unknown}
 m - 3 potions of agility {unknown}
 n - a potion of flight {unknown}
 q - a potion of lignification {unknown}
 s - a potion of cancellation {unknown}
 t - 5 potions of curing
 v - 3 potions of heal wounds {unknown}
 z - a potion of resistance {unknown}
 B - a potion of haste {unknown}
Comestibles
 f - 11 rations


   Skills:
 * Level 5.5 Fighting
 * Level 4.6 Long Blades
 + Level 4.6 Armour
 * Level 2.6 Dodging
 + Level 4.5 Shields


You had 7 spell levels left.
You didn't know any spells.
Your spell library was empty.

Dungeon Overview and Level Annotations

Branches:
Dungeon (6/15)             Temple (1/1) D:5

Altars:
Ashenzari
Cheibriados
Dithmenos
Elyvilon
Fedhas
Gozag
Hepliaklqana
Kikubaaqudgha
Makhleb
Nemelex Xobeh
Okawaru
Qazlal
Sif Muna
Trog
Uskayaw
Vehumet
Wu Jian
Xom
Yredelemnul
Zin
The Shining One

Shops:
D:4 *

Annotations:
D:6 Dowan


Innate Abilities, Weirdness & Mutations

You have hooves in place of feet.
When hurt, damage is shared between your health and your magic reserves.
You regenerate magic rapidly.
You are immune to rotting.


Message History

You block the hound's attack.
Dowan points at you and mumbles some strange words.
The stone arrow hits you.
* * * LOW HITPOINT WARNING * * *
The hound bites you.
* * * LOW HITPOINT WARNING * * *
You slash the hound!
You kill the hound!
Okawaru accepts your kill. Dowan hits you but does no damage.
Dowan casts a spell at you. You block the shard of ice.
Unknown command.
You closely miss Dowan. You kick Dowan!
Dowan is severely wounded.
Dowan breathes, "And she was my only..."
Dowan hits you but does no damage. Dowan casts a spell at you.
The shard of ice hits you!
You feel a painful chill!
You die...

..........#.#.......
.....#..#..........# .
##..........#.....# ..
#..........#.....##...
.........†............
......................
....##........!..##
...##......##.....#
..# ##.....##...@)# ..
#...........e†.......
.
#........#.........##.
.........##.....?...#
.#...................#
#.......#.........##.
.... ..#.........
#..##..)...##


You could see Dowan.

Vanquished Creatures
  Duvessa (D:6)
  A phantom (D:4)
  2 centaurs
  2 scorpions
  A centaur zombie (D:6)
  A crimson imp (D:6)
  2 hounds
  A bullfrog zombie (D:5)
  5 worker ants
  3 orc wizards
  A hound skeleton (D:5)
  A howler monkey skeleton (D:5)
  4 adders
  6 gnolls
  2 oozes
  4 worms
  2 dart slugs
  A leopard gecko (D:3)
  11 orcs
  6 bats
  16 giant cockroaches
  6 goblins
  7 hobgoblins
  14 jackals
  A quokka (D:5)
  2 ball pythons
  5 frilled lizards
  A jackal skeleton (D:5)
  2 kobolds
  A leopard gecko zombie (D:5)
  A quokka skeleton (D:4)
  9 rats
122 creatures vanquished.

Notes
Turn   | Place    | Note
-------+----------+-------------------------------------------
     0 | D:1      | DarkinPup the Demonspawn Fighter began the quest for the
                  | Orb.
     0 | D:1      | Reached XP level 1. HP: 18/18 MP: 1/1
   137 | D:1      | Found a sparkling altar of Nemelex Xobeh.
   162 | D:1      | Gained mutation: You have large cloven feet. [demonic
                  | ancestry]
   162 | D:1      | Reached XP level 2. HP: 24/24 MP: 2/2
   651 | D:2      | Gained mutation: You have hoof-like feet. [demonic
                  | ancestry]
   651 | D:2      | Reached XP level 3. HP: 29/29 MP: 3/3
   906 | D:2      | Found a glowing golden altar of the Shining One.
   947 | D:2      | Gained mutation: When hurt, damage is shared between your
                  | health and your magic reserves. [demonic ancestry]
   947 | D:2      | Reached XP level 4. HP: 29/35 MP: 4/4
  1308 | D:2      | Found a hazy altar of Hepliaklqana.
  1787 | D:3      | Reached XP level 5. HP: 25/42 MP: 3/5
  1819 | D:3      | Found a hide-covered altar of Uskayaw.
  1819 | D:3      | Found a blossoming altar of Fedhas.
  2082 | D:3      | Found an opulent altar of Gozag.
  2112 | D:3      | Found Zin's Purification Station.
  2112 | D:3      | Found a glowing silver altar of Zin.
  2123 | D:3      | Bought a potion of curing for 90 gold pieces
  2425 | D:4      | Reached skill level 4 in Fighting
  2510 | D:5      | Entered Level 5 of the Dungeon
  2521 | D:4      | Gained mutation: You regenerate magic rapidly. [demonic
                  | ancestry]
  2521 | D:4      | Reached XP level 6. HP: 27/48 MP: 4/6
  3128 | D:4      | Found Fir Lael's Assorted Antiques.
  3259 | D:5      | Found a staircase to the Ecumenical Temple.
  3272 | Temple   | Entered the Ecumenical Temple
  3327 | Temple   | Became a worshipper of Warmaster Okawaru
  3568 | D:5      | Reached skill level 1 in Dodging
  3568 | D:5      | Gained mutation: You are immune to rotting. [demonic
                  | ancestry]
  3568 | D:5      | Reached XP level 7. HP: 42/55 MP: 5/7
  3636 | D:5      | Reached skill level 5 in Fighting
  3643 | D:5      | Found a sparkling altar of Nemelex Xobeh.
  4095 | D:6      | Noticed Dowan
  4095 | D:6      | Noticed Duvessa
  4120 | D:6      | Killed Duvessa
  4120 | D:6      | Reached * piety under Okawaru
  4120 | D:6      | Gained mutation: You have hooves in place of feet. [demonic
                  | ancestry]
  4120 | D:6      | Reached XP level 8. HP: 11/63 MP: 1/8
  4121 | D:6      | HP: 2/63 [hound (3)]
  4123 | D:6      | Killed from afar by Dowan

Skill      XL: |  1  2  3  4  5  6  7 |
---------------+----------------------+-----
Long Blades    | 2 3 4 |  4.6
Armour         | 3 4 |  4.6
Shields        | 3 4 |  4.5
Fighting       | 4 5 |  5.5
Dodging        | 1 2 |  2.6

Action                   |  1- 3 |  4- 6 |  7- 9 || total
-------------------------+-------+-------+-------++-------
Melee: Long sword        |    66 |   230 |    32 ||   328
       Kick              |    14 |    58 |    38 ||   110
       Scimitar          |       |       |    62 ||    62
  Use: Scroll            |       |       |     3 ||     3
  Eat: Chunk             |       |     7 |       ||     7
       Ration            |       |     1 |       ||     1
Armor: Scale mail        |    27 |    84 |       ||   111
       Chain mail        |       |    81 |    75 ||   156
Dodge: Dodged            |    13 |    79 |    34 ||   126
Block: Shield            |    26 |   128 |    67 ||   221
       Rpst.: Long sword |     4 |    24 |     2 ||    30
       Scimitar          |       |       |     6 ||     6
